 Dungeon Crawl Stone Soup version 0.14.1-24-gbdbe590 (webtiles) character file.

10095 Psiweapon the Cruncher (level 11, -2/68 HPs)
             Began as a Gargoyle Gladiator on Mar 30, 2014.
             Was a Plaything of Xom.
             Slain by an eight-headed hydra (4 damage)
             ... on Level 2 of the Lair of Beasts on June 18, 2014.
             The game lasted 01:07:21 (12223 turns).

Psiweapon the Cruncher (Gargoyle Gladiator)        Turns: 12223, Time: 01:07:23

HP  -2/68        AC 13     Str 18      XL: 11   Next: 42%
MP  22/22        EV 12     Int 12      God: Xom
Gold 896         SH  0     Dex 11      Spells:  2 memorised,  1 level left

rFire  . . .     SeeInvis .     a - +1,+0 quarterstaff (curse)
rCold  + . .     Clarity  +     j - +0 leather armour {rC+}
rNeg   + + .     Conserve .     (no shield)
rPois  +         rCorr    .     (helmet restricted)
rElec  +         rRot     +     x - +0 cloak
SustAb . .       Spirit   .     S - +0 pair of gloves
rMut   .         Warding  +     o - +0 pair of boots
Saprov . . .     Rnd*Tele +     U - cursed amulet of warding
MR     .....                    L - ring of teleportation
                                Y - ring of teleport control

@: about to teleport, not resistant to hostile enchantments, unstealthy
A: fangs 1, horns 1, carnivore 1, clarity, clever 1, clumsy 1, life protection
1, electricity resistance, unbreathing, petrification resistance, AC +7
a: Renounce Religion, Evoke Teleportation, Evoke Teleport Control


You were on level 2 of the Lair of Beasts.
You worshipped Xom.
You were a favourite toy of Xom.
You were full.

You visited 3 branches of the dungeon, and saw 13 of its levels.
You also visited: Ossuary.

You collected 896 gold pieces.

Inventory:

Hand weapons
 a - a cursed +1,+0 quarterstaff (weapon)
 A - the +5,+7 lajatang "Luyneuq" {holy, Dex+3}
   (You acquired it on level 8 of the Dungeon)

   It has been blessed by the Shining One to cause great damage to the undead
   and demons.
   It affects your dexterity (+3).
Missiles
 z - 2 throwing nets (quivered)
 D - 6 tomahawks
 T - a javelin
Armour
 j - a +0 leather armour of cold resistance (worn)
 o - a +0 pair of boots (worn)
 x - a +0 cloak (worn)
 J - a +1 helmet
 S - a +0 pair of gloves (worn)
Magical devices
 d - a wand of digging (15)
 B - a wand of paralysis (0)
 Q - a wand of enslavement (12)
 V - a wand of enslavement (6)
 W - a wand of fireball (1)
Comestibles
 g - 4 meat rations
 H - 6 royal jellies
Scrolls
 c - 2 scrolls of enchant armour {unknown}
 e - 2 scrolls of fog {unknown}
 f - 2 scrolls of fear
 h - 6 scrolls of remove curse
 i - 3 scrolls of immolation {unknown}
 k - 2 scrolls of identify
 q - a scroll of teleportation
 y - 3 scrolls of recharging {unknown}
 E - a scroll of magic mapping
 G - 8 scrolls of random uselessness {unknown}
 P - 3 scrolls of enchant weapon II {unknown}
 R - 3 scrolls of amnesia
 Z - 2 scrolls of enchant weapon III {unknown}
Jewellery
 t - an uncursed ring of sustain abilities
 u - an uncursed amulet of stasis
 w - an uncursed amulet of conservation
 L - a ring of teleportation (right hand)
 U - a cursed amulet of warding (around neck)
 Y - a ring of teleport control (left hand)
Potions
 l - 2 potions of degeneration {unknown}
 m - 2 potions of beneficial mutation {unknown}
 p - a potion of invisibility {unknown}
 r - 2 potions of paralysis
 s - 6 potions of heal wounds
 v - 2 potions of resistance {unknown}
 C - 10 potions of curing
 F - a potion of poison {unknown}
 I - 4 potions of restore abilities
 K - 2 potions of might
 M - 3 potions of agility
 N - 2 potions of lignification {unknown}
 X - a potion of haste
Rods
 n - a -1 rod of inaccuracy (1/13)
   (You found it on level 8 of the Dungeon)


   Skills:
 + Level 8.2 Fighting
 - Level 5.1 Maces & Flails
 * Level 14.2 Staves
 - Level 2.0 Throwing
 - Level 3.2 Dodging
 + Level 7.9 Evocations


You had one spell level left.
You knew the following spells:

 Your Spells              Type           Power        Failure   Level  Hunger
a - Iskenderun's Mystic   Conj           #.......     100%        4    #####..
b - Bolt of Magma         Conj/Fire/Erth #.........   100%        5    ######.


Dungeon Overview and Level Annotations

Branches:
Dungeon (10/15)            Temple (1/1) D:5            Lair (2/8) D:9
    Orc: D:9-12

Altars:
Ashenzari
Cheibriados
Dithmenos
Elyvilon
Fedhas
Kikubaaqudgha
Makhleb
Nemelex Xobeh
Okawaru
Trog
Vehumet
Xom
Yredelemnul
Zin
The Shining One

Annotations:
D:2 exclusion: downstairs
Lair:2 exclusion: oklob plant


Innate Abilities, Weirdness & Mutations

You are resistant to torment.
You are immune to poison.
You are immune to rotting.
Your stone body is very resilient (AC +7).
You resist negative energy.
You are resistant to electric shocks.
You can survive without breathing.
You are immune to petrification.
You have very sharp teeth.
You have a pair of small horns on your head.
Your digestive system is specialised to digest meat.
You possess an exceptional clarity of mind.
Your mind is acute. (Int +2)
You are clumsy. (Dex -2)


Message History

The eight-headed hydra bites you.
The eight-headed hydra barely misses you.
The eight-headed hydra bites you. x2
The eight-headed hydra bites you! x2
* * * LOW HITPOINT WARNING * * *
The eight-headed hydra bites you but does no damage.
Read which item? (? for menu, Esc to quit)
As you read the scroll of teleportation, it crumbles to dust.
You feel strangely unstable. The green rat bites you.
* * * LOW HITPOINT WARNING * * *
The green rat bites you.
* * * LOW HITPOINT WARNING * * *
The eight-headed hydra barely misses you.
The eight-headed hydra bites you!
* * * LOW HITPOINT WARNING * * *
The eight-headed hydra closely misses you. x2
The eight-headed hydra barely misses you.
The eight-headed hydra bites you.
You die...
Xom bursts into laughter!

.............................##
.............................#
.............................#
.........##..............#...
.........##.............#....
.........###.........##......
........<........%....###...
...........%.........## ##
...##.....%%....@....#
.....#.........rDr.###
............^....#..#
...rr%..........r#.##
....rD.............#
...rr...............
.................. #
....>...#........##
.........#... ...


You could see an eight-headed hydra and 3 green rats.

Vanquished Creatures
  A hydra (Lair:2)
  A feature mimic (D:10)
  Grinder (D:3)
  2 komodo dragons (Lair:1)
  A troll (D:9)
  A queen bee (D:9)
  2 sharks (Lair:1)
  9 yaks (Lair:1)
  Eustachio (D:9)
  A deep elf fighter (D:9)
  3 hippogriffs
  A steam dragon (D:10)
  A hill giant skeleton (D:7)
  An orc warrior (D:10)
  A warg (D:9)
  A necrophage (D:5)
  3 water moccasins
  3 ice beasts
  A giant goldfish (Lair:1)
  3 porcupines
  A phantom (D:9)
  An ogre (D:7)
  A sky beast (D:9)
  2 centaurs
  4 crocodiles
  A giant slug (D:7)
  A giant frog (Lair:2)
  A hippogriff zombie (D:9)
  3 scorpions
  A troll zombie (D:9)
  An electric eel (Lair:1)
  10 killer bees (D:9)
  A crimson imp (Lair:1)
  A big fish (Lair:1)
  2 goliath beetles
  A giant frog skeleton (D:9)
  5 hounds
  5 jellies
  3 iron imps (D:9)
  3 orc priests
  2 worker ants
  7 orc wizards
  6 iguanas
  A sky beast zombie (D:7)
  A hound zombie (D:8)
  Terence (D:2)
  6 mummies (Ossuary)
  9 green rats
  13 adders
  4 shadow imps
  A white imp (D:9)
  2 giant mites
  An inept feature mimic (D:8)
  5 worms
  8 oozes
  48 orcs
  20 bats
  2 bat skeletons
  10 goblins
  19 hobgoblins
  22 jackals
  13 quokkas
  3 giant cockroaches
  8 giant geckos
  7 giant newts
  A giant spore (D:8)
  4 gnoll zombies (Ossuary)
  A hobgoblin skeleton (D:9)
  2 hobgoblin zombies (Ossuary)
  13 kobolds
  An orc zombie (Ossuary)
  A quokka skeleton (D:5)
  A quokka zombie (D:5)
  35 rats
  3 plants (D:9)
367 creatures vanquished.

Vanquished Creatures (collateral kills)
  A fire drake (D:9)
  A yak (Lair:1)
  A hippogriff (Lair:1)
  2 giant goldfish (D:9)
  2 killer bees (D:9)
  2 electric eels (D:9)
  An iguana (D:9)
  4 mummies (Ossuary)
  A green rat (Lair:2)
  A quokka (Lair:2)
  An orc zombie (Ossuary)
17 creatures vanquished.

Vanquished Creatures (others)
  2 crimson imps (Lair:1)
  An iron imp (Lair:1)
  5 quasits
  An adder (Lair:1)
  A shadow imp (Lair:1)
  2 white imps (Lair:1)
  5 ufetubi
  A fungus (D:9)
18 creatures vanquished.

Grand Total: 402 creatures vanquished

Notes
Turn   | Place    | Note
--------------------------------------------------------------
     0 | D:1      | Psiweapon, the Gargoyle Gladiator, began the quest for the Orb.
     0 | D:1      | Reached XP level 1. HP: 12/12 MP: 1/1
   130 | D:1      | Upgraded the game from 0.14-b1-2-g50dc152 to 0.14.1-23-g35e4e54
   133 | D:1      | Reached XP level 2. HP: 15/17 MP: 2/2
   136 | D:1      | Reached skill level 4 in Staves
   465 | D:1      | Upgraded the game from 0.14.1-23-g35e4e54 to 0.14.1-24-gbdbe590
   645 | D:1      | Reached XP level 3. HP: 21/21 MP: 3/3
  1060 | D:2      | Reached skill level 5 in Staves
  1322 | D:2      | Reached XP level 4. HP: 26/26 MP: 4/4
  1386 | D:2      | Noticed Terence
  1400 | D:2      | Killed Terence
  1785 | D:3      | Noticed Grinder
  1857 | D:3      | Reached skill level 6 in Staves
  1857 | D:3      | Reached XP level 5. HP: 28/30 MP: 5/5
  1872 | D:3      | Paralysed by Grinder for 4 turns
  1879 | D:3      | Killed Grinder
  1879 | D:3      | Reached skill level 7 in Staves
  1879 | D:3      | Reached XP level 6. HP: 26/35 MP: 6/6
  1886 | D:3      | Reached skill level 8 in Staves
  2250 | D:3      | Reached XP level 7. HP: 34/40 MP: 7/7
  2392 | D:5      | Entered Level 5 of the Dungeon
  2637 | D:3      | Reached skill level 9 in Staves
  3813 | D:5      | Found a staircase to the Ecumenical Temple.
  3936 | D:5      | Reached skill level 10 in Staves
  3936 | D:5      | Reached XP level 8. HP: 25/44 MP: 8/8
  4072 | Temple   | Entered the Ecumenical Temple
  4119 | Temple   | Became a worshipper of Xom of Chaos
  4172 | D:6      | XOM: divination: detect items
  4378 | D:5      | XOM: divination: magic mapping
  4491 | D:5      | XOM: divination: detect creatures
  4796 | D:6      | XOM: cast spell 'Summon Butterflies'
  5363 | D:7      | XOM: harmless Erth miscast
  5497 | D:7      | XOM: divination: detect creatures
  5613 | D:8      | Found a sand-covered staircase.
  5621 | Ossuary  | Entered an ossuary
  5639 | Ossuary  | Reached skill level 1 in Maces & Flails
  5646 | Ossuary  | Reached skill level 1 in Evocations
  5809 | Ossuary  | XOM: divination: detect items
  6085 | D:8      | Identified a -1 rod of inaccuracy (13/13) (You found it on level 8 of the Dungeon)
  6145 | D:8      | XOM: confuse monster(s)
  6148 | D:8      | Reached skill level 5 in Maces & Flails
  6278 | D:8      | XOM: harmless Hex miscast
  6326 | D:8      | Identified a scroll of acquirement
  6329 | D:8      | Got a transparent lajatang
  6330 | D:8      | Identified the +5,+7 lajatang "Luyneuq" {holy, Dex+3} (You acquired it on level 8 of the Dungeon)
  6423 | D:8      | XOM: confusion (+ monsters)
  6800 | D:8      | XOM: enchant monster (good)
  6899 | D:8      | Gained mutation: You have a fast metabolism. [potion of mutation]
  6899 | D:8      | Lost mutation: You have a fast metabolism. [potion of mutation]
  6899 | D:8      | Gained mutation: You have a slow metabolism. [potion of mutation]
  6955 | D:9      | Reached XP level 9. HP: 51/51 MP: 14/14
  6961 | D:9      | XOM: summons 4 friendly demons
  6992 | D:9      | Noticed a fire drake
  6992 | D:9      | an ogre changed into a fire drake
  6995 | D:9      | Killed a fire drake
  7059 | D:9      | XOM: summons 9 friendly demons
  7079 | D:9      | Lost mutation: You have a slow metabolism. [potion of cure mutation]
  7103 | D:9      | XOM: polymorph ogre -> warg
  7184 | D:9      | Noticed a troll
  7192 | D:9      | XOM: divination: magic mapping
  7195 | D:9      | XOM: mild Necr miscast
  7200 | D:9      | Killed a troll
  7200 | D:9      | Reached skill level 11 in Staves
  7257 | D:9      | XOM: noise
  7272 | D:9      | Found a staircase to the Lair.
  7321 | D:9      | XOM: harmless Summ miscast
  7388 | D:9      | Reached skill level 5 in Fighting
  7405 | D:9      | XOM: 1-stop teleportation journey
  7408 | D:9      | XOM: 2-stop teleportation journey
  7419 | D:9      | Reached skill level 5 in Evocations
  7693 | D:9      | XOM: mild Summ miscast
  7700 | D:9      | Noticed Eustachio
  7774 | D:9      | Killed Eustachio
  7898 | D:9      | Found a basalt altar of Yredelemnul.
  7901 | D:9      | Found a white marble altar of Elyvilon.
  7903 | D:9      | Found a radiant altar of Vehumet.
  7907 | D:9      | Found an iron altar of Okawaru.
  7974 | D:9      | XOM: noise
  7979 | D:9      | Reached XP level 10. HP: 60/60 MP: 18/18
  7980 | D:9      | Reached skill level 12 in Staves
  7982 | D:9      | Noticed a queen bee
  7985 | D:9      | XOM: confuse monster(s)
  7991 | D:9      | XOM: summons 5 hostile demons
  8006 | D:9      | Killed a queen bee
  8007 | D:9      | XOM: give mutations
  8007 | D:9      | Gained mutation: You have a slow metabolism. [Xom's grace]
  8007 | D:9      | Gained mutation: Your mind is acute. (Int +2) [Xom's grace]
  8264 | D:10     | Entered Level 10 of the Dungeon
  8283 | D:10     | XOM: harmless Summ miscast
  8426 | D:10     | XOM: give mutations
  8426 | D:10     | Gained mutation: You are weak. (Str -2) [Xom's mischief]
  8426 | D:10     | Lost mutation: You have a slow metabolism. [Xom's mischief]
  8426 | D:10     | Gained mutation: You are clumsy. (Dex -2) [Xom's mischief]
  8499 | D:10     | XOM: noise
  8633 | D:10     | Learned a level 4 spell: Iskenderun's Mystic Blast
  8639 | D:10     | Learned a level 5 spell: Bolt of Magma
  9396 | D:7      | XOM: mild Conj miscast
  9399 | D:7      | XOM: medium Divn miscast
 10026 | Lair:1   | Entered Level 1 of the Lair of Beasts
 10065 | Lair:1   | Reached skill level 13 in Staves
 10239 | Lair:1   | XOM: medium Chrm miscast
 10377 | Lair:1   | XOM: blink monster(s)
 10459 | Lair:1   | XOM: mild Trmt miscast
 10546 | Lair:1   | XOM: confusion
 10555 | Lair:1   | XOM: summons 2 friendly demons
 10557 | Lair:1   | XOM: summons 8 friendly demons
 10572 | Lair:1   | Reached XP level 11. HP: 27/67 MP: 21/21
 10572 | Lair:1   | XOM: cast spell 'Chain of Chaos'
 10574 | Lair:1   | XOM: harmless Fire miscast
 10691 | Lair:1   | XOM: cast spell 'Flight'
 10748 | Lair:1   | XOM: mild Divn miscast
 10789 | Lair:1   | XOM: summons friendly quasit
 10801 | Lair:1   | XOM: polymorph plant -> thorn lotus
 10869 | Lair:1   | XOM: harmless Summ miscast
 10951 | Lair:1   | XOM: medium Erth miscast
 11210 | Lair:1   | XOM: give mutation
 11210 | Lair:1   | Lost mutation: You are weak. (Str -2) [Xom's mischief]
 11306 | Lair:1   | XOM: noise
 11307 | Lair:1   | XOM: inner flame monster(s)
 11318 | Lair:1   | Reached skill level 14 in Staves
 11422 | Lair:2   | XOM: potion effect (haste)
 11439 | Lair:2   | XOM: polymorph plant -> oklob plant
 11516 | Lair:2   | XOM: enchant monster (good)
 11536 | Lair:2   | XOM: give mutations
 11536 | Lair:2   | Gained mutation: Your digestive system is specialised to digest meat. [Xom's grace]
 11536 | Lair:2   | Gained mutation: You possess an exceptional clarity of mind. [Xom's grace]
 11536 | Lair:2   | Gained mutation: You have very sharp teeth. [Xom's grace]
 11536 | Lair:2   | Gained mutation: You have a pair of small horns on your head. [Xom's grace]
 11564 | Lair:2   | Noticed a five-headed hydra
 11570 | Lair:2   | Killed a five-headed hydra
 11840 | Lair:2   | Noticed an eight-headed hydra
 11848 | Lair:2   | XOM: swap monsters
 12125 | Lair:2   | XOM: summons 5 friendly demons
 12135 | Lair:2   | XOM: cast spell 'Summon Small Mammal'
 12223 | Lair:2   | HP: 2/68 [eight-headed hydra (9)]
 12223 | Lair:2   | Slain by an eight-headed hydra

Action                   |  1- 3 |  4- 6 |  7- 9 | 10-12 || total
-------------------------+-------+-------+-------+-------++-------
Melee: Quarterstaff      |   153 |   176 |   344 |     3 ||   676
       Lajatang          |       |       |   178 |   281 ||   459
       Flail             |       |       |    21 |       ||    21
Throw: Throwing net      |       |     2 |     3 |       ||     5
       Javelin           |       |       |     2 |     3 ||     5
       Tomahawk          |       |       |       |    10 ||    10
 Abil: Evoke Teleportati |       |       |     1 |     2 ||     3
       Evoke Teleport Co |       |       |     1 |     2 ||     3
Evoke: Wand              |       |       |    27 |     4 ||    31
       Rod               |       |       |     6 |    25 ||    31
  Use: Scroll            |       |       |    18 |     3 ||    21
       Potion            |       |       |     4 |     2 ||     6
 Stab: Paralysed         |       |       |     7 |     1 ||     8
       Confused          |       |       |     1 |       ||     1
